 Dungeon Crawl Stone Soup version 0.32-a0-132-g2d33c3cfaf (webtiles) character file.

Game seed: 13130774542204715797

157 zeratav the Sneak (level 5, -1/36 HPs)
             Began as an Octopode Shapeshifter on Feb 10, 2024.
             Slain by an orc
             ... wielding a +0 trident
              (7 damage)
             ... on level 3 of the Dungeon.
             The game lasted 00:04:32 (2012 turns).

zeratav the Sneak (Octopode Shapeshifter)           Turns: 2012, Time: 00:04:33

Health: -1/36      AC:  1    Str: 15    XL:     5   Next: 38%
Magic:  5/5        EV: 13    Int: 13    God:
Gold:   101        SH:  0    Dex: 11    Spells: 4/4 levels left

rFire   . .          .
                       - Unarmed
rCold   . . .        (no shield)
rNeg    . . .        (helmet currently unavailable)
rPois   .            (no amulet)
rElec   .            (no ring)
rCorr   .            (no ring)
SInv    .            (no ring)
Will    .....        (no ring)
Stlth   ++++         (no ring)
HPRegen 0.26/turn    (no ring)
MPRegen 0.09/turn    (no ring)
                     (no ring)

%: no passive effects
@: beast-form
A: beast (slay +1), almost no armour, amphibious, 8 rings, camouflage 1,
gelatinous body 1, (nimble swimmer 1), tentacles
a: Begin Untransformation


You were on level 3 of the Dungeon.
You were a hulking beast.
You visited 1 branch of the dungeon, and saw 3 of its levels.

You collected 101 gold pieces.


Innate Abilities, Weirdness & Mutations

You are a hulking beast.
Your limbs bulge with bestial killing power. (Slay +1)
You cannot wear most types of armour.
You are amphibious.
You can wear up to eight rings at the same time.
Your skin changes colour to match your surroundings (Stealth+).
Your rubbery body absorbs attacks. (AC +1, EV +1)
((You are camouflaged when in or above water. (Stealth+)))
You have tentacles for arms and can constrict up to eight enemies at once.


   Skills:
 + Level 3.5 Fighting
 - Level 2.0 Dodging
 - Level 5.0 Stealth
 - Level 3.0 Unarmed Combat
 - Level 3.0 Shapeshifting


You had 4 spell levels left.
You didn't know any spells.
Your spell library contained the following spells:

 Spells                   Type           Power      Damage    Failure   Level
 Inner Flame              Hex/Fire       0%         N/A       67%         3
 Dispel Undead            Necr           0%         3d6       97%         4
 Fireball                 Conj/Fire      0%         3d3       100%        5
 Haunt                    Necr/Summ      0%         N/A       100%        7

Inventory:

Jewellery
 i - a ring of ice
   (You found it on level 1 of the Dungeon)
 l - a ring of fire
   (You took it off a hobgoblin on level 2 of the Dungeon)
Talismans
 b - a beast talisman
 c - a flux talisman
Scrolls
 d - a scroll of revelation {unknown}
 e - a scroll of fear {unknown}
 f - 3 scrolls of immolation {!r!r}
 k - 2 scrolls of summoning {unknown}
 n - 3 scrolls of teleportation {unknown}
 p - 3 scrolls of vulnerability {unknown}
Potions
 a - 2 potions of lignification {!q}
 g - a potion of enlightenment {unknown}
 h - a potion of heal wounds {unknown}
 j - 2 potions of attraction {unknown}
 m - a potion of mutation {unknown}
 o - a potion of brilliance {unknown}

Dungeon Overview and Level Annotations

Branches:
Dungeon (3/15) Zot: 15991

Altars:
Makhleb

Shops:
D:2 ?*(:*

Annotations:
D:3 1 runed translucent door, Pokonic1's ghost, amateur TeRe; Sigmund

..#.....## .##.###.r####
....# ##o...# ..### ####.#
#..# ..# #.#### #..# ###
#....## #..# ####
####o.##### #..# ...#
##.o...# #..# ##.####
#[h...#####.# #....###
##..........# ##.....##
#....###...# ##.......##
#....#...#.#
#...#+#...######.......##.#
...##W##.............#.##)#
..##...##...####.......##.#
.##.....##..# ###....####.#
.#⌠.!♣?.⌠#..###.†.######..#


You could see 2 orcs.


Message History

No target in view!
No target in view!
No target in view!
No target in view!
No target in view!
No target in view!
No target in view!
You start resting.
HP[+3]
Your hp is fully restored (36).
You see here a bat corpse.
Found a runed translucent door.
Pokonic1's ghost turns its malevolent gaze towards you.
Found a stone staircase leading down.
Pokonic1's ghost whispers, "Meet the emptiness of death!"
Found a stone staircase leading down.
Sigmund the Dreaded comes into view.
He is wielding a +1 heavy scythe.
You see here a +0 rapier {short}.
Found a burning altar of Makhleb.
You see here a +0 rapier {short}.
An orc priest is nearby!
An orc comes into view. It is wielding a +0 trident.
The orc moves out of view.
No target in view!
No target in view!
The orc shouts! x2; You hear a shout!
The orc priest shouts!
The orc priest hits you with a +0 club.
HP[-3]
You take 3 damage, and now have 33/36 hp.
The rat squeaks loudly.
You tentacle-slap the orc priest but do no damage.
You grab the orc priest.
You constrict the orc priest, but do no damage.
The orc hits you but does no damage. The orc priest barely misses you.
You tentacle-slap the orc priest. You squeeze the orc priest.
You constrict the orc priest. The orc barely misses you.
The orc hits you from afar with a +0 trident.
The orc priest barely misses you.
HP[-1]
You take 1 damage, and now have 32/36 hp.
You tentacle-slap the orc priest. You constrict the orc priest.
The orc hits you with a +0 hand axe.
The orc hits you from afar with a +0 trident.
The orc priest barely misses you.
HP[-12]
You take 12 damage, and now have 20/36 hp.
MASSIVE DAMAGE!! (PAUSE)
You tentacle-slap the orc priest but do no damage.
You squeeze the orc priest.
You kill the orc priest!
The orc closely misses you. The orc hits you with a +0 hand axe.
* * * LOW HITPOINT WARNING * * *
A goblin comes into view. It is wielding a +0 dagger.
HP[-6]
You take 6 damage, and now have 14/36 hp.
The orc attacks as it pursues you!
The orc hits you from afar with a +0 trident.
* * * LOW HITPOINT WARNING * * *
The orc closely misses you.
HP[-4]
You take 4 damage, and now have 10/36 hp.
HP[+1]
The orc attacks as it pursues you! The orc closely misses you.
The orc attacks as it pursues you! The orc hits you with a +0 dagger.
* * * LOW HITPOINT WARNING * * *
HP[-3]
You take 3 damage, and now have 8/36 hp.
HP[+1]
The orc attacks as it pursues you! The orc hits you with a +0 dagger.
* * * LOW HITPOINT WARNING * * *
HP[-2]
You take 2 damage, and now have 7/36 hp.
HP[+1]
The orc attacks as it pursues you! The orc misses you.
The orc attacks as it pursues you! The orc hits you with a +0 dagger.
* * * LOW HITPOINT WARNING * * *
HP[-4]
You take 4 damage, and now have 4/36 hp.
The orc attacks as it pursues you! The orc closely misses you.
You closely miss the orc. You grab the orc. You constrict the orc.
The orc struggles to escape constriction.
HP[+1]
You tentacle-slap the orc but do no damage.
You constrict the orc.
The orc struggles to escape constriction.
You tentacle-slap the orc but do no damage.
You tentacle-slap the orc. You constrict the orc.
You kill the orc!
You tentacle-slap the orc but do no damage.
You grab the orc. You constrict the orc. The orc closely misses you.
The orc misses you.
HP[+1]
You tentacle-slap the orc but do no damage.
You tentacle-slap the orc, but do no damage.
You squeeze the orc, but do no damage. You constrict the orc.
The orc misses you. x2
You tentacle-slap the orc. You squeeze the orc, but do no damage.
You constrict the orc.
The orc hits you from afar with a +0 trident!
You die...

Skill      XL: |  1  2  3  4 |
---------------+-------------+-----
Stealth        | 2 3 5 |  5.0
Fighting       | 3 |  3.5
Dodging        | |  2.0
Unarmed Combat | |  3.0
Shapeshifting  | |  3.0

Action                     |  1- 3 |  4- 6 || total
---------------------------+-------+-------++-------
  Melee: Unarmed           |    71 |    44 ||   115
         Constrict         |    19 |    13 ||    32
         Tentacles         |     7 |    12 ||    19
         Punch             |     4 |     5 ||     9
   Stab: Sleeping          |    11 |     4 ||    15
 Armour: Skin              |    29 |    20 ||    49
  Dodge: Dodged            |    37 |    36 ||    73

Levels and vault maps discovered:
D:1:      psy_arrival_fountain, layout_basic, hellmonk_ecumenical_altar_blasted,
          serial_corexii_hall, corexii_hall_statues_s, corexii_hall_statues_s
D:2:      layout_loops_ring, serial_shops, nicolae_diamond_shop,
          nicolae_shop_back_alley_shop, shop, shop, shop
D:3:      layout_rooms, makhleb_altar_promises_db,
          hellmonk_ghost_happy_afterlife, grunt_ministairs_7, uniq_sigmund

Notes
Turn   | Place    | Note
-------+----------+-------------------------------------------
     0 | D:1      | zeratav the Octopode Shapeshifter began the quest for the
                  | Orb.
     0 | D:1      | Reached XP level 1. HP: 13/13 MP: 1/1
     0 | D:1      | magus.rc [v1.9.6]
    25 | D:1      | Reached skill level 1 in Stealth
    32 | D:1      | Reached skill level 2 in Stealth
    39 | D:1      | Found a faded altar of an unknown god.
    94 | D:1      | Reached XP level 2. HP: 9/18 MP: 2/2
   164 | D:1      | You add the spells Inner Flame, Dispel Undead, Fireball and
                  | Haunt to your library.
   164 | D:1      | Got the Handbook of Despicable Words and the Salamander
   184 | D:1      | Reached skill level 3 in Stealth
   371 | D:1      | Reached XP level 3. HP: 23/23 MP: 3/3
   391 | D:1      | Reached skill level 4 in Stealth
   814 | D:2      | Found Pudofrud's Assorted Antiques.
   816 | D:2      | Found Duoga's Weapon Emporium.
   950 | D:2      | Found Fetausche's Book Emporium.
   972 | D:2      | Reached skill level 5 in Stealth
  1082 | D:2      | Reached XP level 4. HP: 28/28 MP: 4/4
  1203 | D:2      | Found Usheir's Magic Scroll Shoppe.
  1423 | D:2      | Found Suzommat's General Store.
  1745 | D:2      | Reached skill level 2 in Fighting
  1853 | D:3      | Identified the +1 leather armour of Xeliz {rPois rF+}
  1883 | D:3      | Reached skill level 3 in Fighting
  1883 | D:3      | Reached XP level 5. HP: 36/36 MP: 5/5
  1949 | D:3      | Found a runed translucent door.
  1949 | D:3      | Noticed Pokonic1's ghost (amateur TeRe)
  1972 | D:3      | Noticed Sigmund
  1977 | D:3      | Found a burning altar of Makhleb.
  1997 | D:3      | HP: 8/36 [orc/+0 dagger (3)]
  2004 | D:3      | HP: 4/36 [orc/+0 dagger (4)]
  2012 | D:3      | Slain by an orc

Vanquished Creatures
  A bombardier beetle (D:3)
  An orc priest (D:3)
  2 adders (D:2)
  3 dart slugs
  6 orcs
  6 ball pythons
  7 endoplasms
  A giant cockroach (D:2)
  4 goblins
  7 hobgoblins
  4 jackals (D:1)
  3 quokkas (D:1)
  4 bats
  5 frilled lizards
  4 kobolds
58 creatures vanquished.

Table legend:
 A = Non-vault XP
 B = Vault XP
 C = Vault XP percentage of total XP
 D = Non-vault monster count
 E = Vault monster count
 F = Vault count percentage of total count
                 A         B        C        D         E       F
            +---------+---------+-------+---------+---------+-------
      Total |     225 |       0 |   0.0 |      58 |       0 |   0.0
            +---------+---------+-------+---------+---------+-------
        D:1 |      52 |       0 |   0.0 |      28 |       0 |   0.0
        D:2 |      64 |       0 |   0.0 |      19 |       0 |   0.0
        D:3 |     109 |       0 |   0.0 |      11 |       0 |   0.0
            +---------+---------+-------+---------+---------+-------

Skill      XL: |  1  2  3  4 |
---------------+-------------+-----
Stealth        | 2 3 5 |  5.0
Fighting       | 3 |  3.5
Dodging        | |  2.0
Unarmed Combat | |  3.0
Shapeshifting  | |  3.0

Action                     |  1- 3 |  4- 6 || total
---------------------------+-------+-------++-------
  Melee: Unarmed           |    71 |    44 ||   115
         Constrict         |    19 |    13 ||    32
         Tentacles         |     7 |    12 ||    19
         Punch             |     4 |     5 ||     9
   Stab: Sleeping          |    11 |     4 ||    15
 Armour: Skin              |    29 |    20 ||    49
  Dodge: Dodged            |    37 |    36 ||    73

Illustrated notes

Table legend:
 A = Kills in this place as a percentage of kills in the entire game.
 B = Kills by you in this place as a percentage of kills by you in the entire game.
 C = Kills by friends in this place as a percentage of kills by friends in the entire game.
 D = Other kills in this place as a percentage of other kills in the entire game.
 E = Experience gained in this place as a percentage of experience gained in the entire game.
 F = Experience gained in this place divided by the number of levels of this place that you have seen.
                   A       B       C       D       E      F
               +-------+-------+-------+-------+-------+----------------------
         Total | 100.0 | 100.0 |   N/A |   N/A | 100.0 |  75.0
       Dungeon | 100.0 | 100.0 |   N/A |   N/A | 100.0 |  75.0
               +-------+-------+-------+-------+-------+----------------------

Table legend: (Time is in decaauts)
 A = Elapsed time spent in this place.
 B = Non-inter-level travel time spent in this place.
 C = Inter-level travel time spent in this place.
 D = Time resting spent in this place.
 E = Time spent auto-exploring this place.
 F = Levels seen in this place.
 G = Mean time per level.
                   A        B        C        D        E       F      G
               +--------+--------+--------+--------+--------+-----+--------+
         Total |   2008 |   1961 |     47 |    244 |   1329 |   3 |  669.3 |
       Dungeon |   2008 |   1961 |     47 |    244 |   1329 |   3 |  669.3 |
               +--------+--------+--------+--------+--------+-----+--------+

Top non-repeatable levels by time:
     D:2: 934 daAuts
     D:1: 805 daAuts
     D:3: 268 daAuts
